 Dungeon Crawl Stone Soup version 0.27-a0-1137-g3ef0f4ec91 (webtiles) character file.

Game seed: 5843983256826828242

3 wakim the Poker (level 1, -1/16 HPs)
             Began as a Merfolk Gladiator on May 6, 2021.
             Slain by a quokka (4 damage)
             ... on level 1 of the Dungeon.
             The game lasted 00:00:48 (98 turns).

wakim the Poker (Merfolk Gladiator)                   Turns: 98, Time: 00:00:49

Health: -1/16      AC:  4    Str: 14    XL:     1   Next: 50%
Magic:  1/1        EV: 13    Int:  7    God:
Gold:   0          SH:  0    Dex: 15    Spells: 0/0 levels left

rFire    . . .     SeeInvis .   a - +0 trident
rCold    . . .     Faith    .   (no shield)
rNeg     . . .     Spirit   .   b - +0 leather armour
rPois    .         Reflect  .   c - +0 helmet
rElec    .         Harm     .   (no cloak)
rCorr    .         Rampage  .   (no gloves)
Will     .....                  (no boots)
Stlth    +.........             (no amulet)
HPRegen  0.05/turn              (no ring)
MPRegen  0.07/turn              (no ring)

@: no status effects
A: (nimble swimmer 2), mertail
a: no special abilities


You were on level 1 of the Dungeon.
You visited 1 branch of the dungeon, and saw 1 of its levels.

Inventory:

Hand Weapons
 a - a +0 trident (weapon)
Missiles
 d - 3 throwing nets {=f!f}
 e - 11 poisoned darts (quivered)
Armour
 b - a +0 leather armour (worn)
 c - a +0 helmet (worn)
Scrolls
 f - a scroll of identify {unknown}
Potions
 g - 2 potions of heal wounds {unknown}


   Skills:
 + Level 2.2 Fighting
 * Level 4.5 Polearms
 + Level 2.0 Throwing
 - Level 4.0 Dodging
 * Level 0.6 Stealth


You couldn't memorise any spells.
You didn't know any spells.
Your spell library was empty.

Dungeon Overview and Level Annotations

Branches:
Dungeon (1/15)

Altars:


Innate Abilities, Weirdness & Mutations

((You are quick and stealthy near water. (Stealth+, EV+, Speed+++)))
Your lower body shifts to a powerful aquatic tail in water.


Message History

The frilled lizard barely misses you.
You puncture the frilled lizard!
You kill the frilled lizard!
No target in view!
HP restored.
Found a scroll labelled IQEUTZ FADOQOM.
g - 2 bubbling clear potions A quokka comes into view.
A goblin comes into view. It is wielding a +0 club.
The goblin shouts!
A kobold comes into view. It is wielding a +0 short sword.
A hobgoblin comes into view.
You closely miss the quokka.
The kobold shouts!
The quokka bites you but does no damage.
You hit the quokka but do no damage. The quokka bites you.
The kobold hits you but does no damage. The quokka misses you.
You closely miss the kobold. The kobold closely misses you.
You puncture the kobold!
You kill the kobold!
You hit the quokka.
The quokka is lightly wounded.
The quokka bites you but does no damage.
You barely miss the quokka.
The quokka is lightly wounded.
The quokka closely misses you. The quokka bites you.
You completely miss the quokka.
The quokka is lightly wounded.
The quokka bites you.
* * * LOW HITPOINT WARNING * * *
The quokka bites you but does no damage.
The quokka bites you.
* * * LOW HITPOINT WARNING * * *
You barely miss the quokka.
The quokka is lightly wounded.
The quokka bites you.
* * * LOW HITPOINT WARNING * * *
The quokka closely misses you. The quokka bites you.
You die...

..... ###......##.#
.....###..†.....##.#
.........#..# #.#
............# #(##
.......####.######..####
........g.g.g.........).
#.#...#.#)..##.####.###.
#...#r#..###... #.# .
#...#@#..# ###.##.# .
#...#.#..# .##.. .
#...#.#.># .... .
#...#.#... ###.. .
#...#.#... [. . #...#.##
##.<.##.## #
##.....##.## .##
#..>.8..##.##..#


You could see a quokka and a hobgoblin.

Vanquished Creatures
  2 ball pythons (D:1)
  2 frilled lizards (D:1)
  A kobold (D:1)
5 creatures vanquished.

Notes
Turn   | Place    | Note
-------+----------+-------------------------------------------
     0 | D:1      | wakim the Merfolk Gladiator began the quest for the Orb.
     0 | D:1      | Reached XP level 1. HP: 16/16 MP: 1/1
    98 | D:1      | Slain by a quokka

Illustrated notes

Levels and vault maps discovered:
D:1:      psy_arrival_spokes, layout_rooms

Action                   || total
-------------------------++-------
Melee: Trident           ||    16
Armor: Leather armour    ||     5
Dodge: Dodged            ||    11

Table legend: (Time is in decaauts)
 A = Elapsed time spent in this place.
 B = Non-inter-level travel time spent in this place.
 C = Inter-level travel time spent in this place.
 D = Time resting spent in this place.
 E = Time spent auto-exploring this place.
 F = Levels seen in this place.
 G = Mean time per level.
                   A        B        C        D        E       F      G
               +--------+--------+--------+--------+--------+-----+--------+
         Total |     99 |     99 |      0 |      0 |     50 |   1 |   99.0 |
       Dungeon |     99 |     99 |      0 |      0 |     50 |   1 |   99.0 |
               +--------+--------+--------+--------+--------+-----+--------+

Top non-repeatable levels by time:
     D:1: 99 daAuts
